 Dungeon Crawl Stone Soup version 0.30-a0-371-gad7725a93e (webtiles) character file.

Game seed: 3592223471600782122

140 sanka the Shooter (level 4, -5/36 HPs)
             Began as a Demigod Hexslinger on Nov 23, 2022.
             Slain by Sigmund
             ... wielding a +0 scythe
              (8 damage)
             ... on level 3 of the Dungeon.
             The game lasted 00:02:11 (2044 turns).

sanka the Shooter (Demigod Hexslinger)              Turns: 2044, Time: 00:02:12

Health: -5/36      AC:  3    Str: 11    XL:     4   Next: 71%
Magic:  8/8        EV: 13    Int: 15    God:
Gold:   193        SH:  0    Dex: 18    Spells: 4/5 levels left

rFire   . . .      SeeInvis .    a - +1 sling
rCold   . . .      Faith    .    (no shield)
rNeg    . . .      Spirit   .    c - +0 robe
rPois   .          Reflect  .    (no helmet)
rElec   .          Harm     .    h - +0 cloak
rCorr   .          Rampage  .    (no gloves)
Will    .....                    (no boots)
Stlth   ++........               (no amulet)
HPRegen 0.26/turn                (no ring)
MPRegen 0.11/turn                (no ring)

@: no status effects
A: high MP 1, forlorn, divine attributes
a: no special abilities


You were on level 3 of the Dungeon.
You visited 1 branch of the dungeon, and saw 3 of its levels.

You collected 193 gold pieces.


Innate Abilities, Weirdness & Mutations

You have an increased reservoir of magic. (+10% MP)
You shall have no god before yourself.
Your divine heritage dramatically boosts your attributes as you level up.


   Skills:
 + Level 2.1 Fighting
 * Level 3.6 Ranged Weapons
 + Level 2.8 Dodging
 - Level 1.0 Spellcasting
 - Level 2.6 Hexes


You had 4 spell levels left.
You knew the following spells:

 Your Spells              Type           Power      Damage    Failure   Level
z - Slow                  Hex            32%        N/A       9%          1

Your spell library contained the following spells:

 Spells                   Type           Power      Damage    Failure   Level
 Inner Flame              Hex/Fire       4%         N/A       38%         3
 Portal Projectile        Hex/Tloc       8%         N/A       38%         3
 Cause Fear               Hex            4%         N/A       63%         4

Inventory:

Hand Weapons
 a - a +1 sling (weapon)
Armour
 c - a +0 robe (worn)
 h - a +0 cloak (worn)
Jewellery
 l - a ring of fire
Wands
 p - a wand of mindburst (14)
Scrolls
 b - a scroll of poison {!r}
 e - 7 scrolls of identify {unknown}
 g - a scroll of enchant armour {unknown}
 k - a scroll of torment {unknown}
 o - 2 scrolls of teleportation {unknown}
Potions
 d - 2 potions of heal wounds {unknown}
 f - 2 potions of brilliance {unknown}
 i - a potion of ambrosia {unknown}
 j - a potion of curing {unknown}
 m - a potion of might {unknown}
 n - a potion of mutation {unknown}

Dungeon Overview and Level Annotations

Branches:
Dungeon (3/15)

Annotations:
D:3 Sigmund

.........▒▒▒..▒▒
▒▒▒▒▒▒..▒▒▒▒........£.
▒▒▒......▒▒▒........▒...
£.....▒▒▒▒▒...........▒
!†............▒▒▒.▒...
.▒........†.▒▒▒ ...▒▒
▒.▒▒▒..▒.....▒▒▒..▒▒
▒.▒...▒▒▒..▒.@....▒▒▒
▒▒.)..▒▒ ▒▒..▒▒▒p....▒
▒......+▒▒....▒▒..▒▒...▒
▒.▒.....▒...▒........▒.▒
▒.▒.P~.....▒▒.....▒▒.▒
..▒..~.....▒▒.....▒ ▒
▒.▒.....⌠.▒▒▒.....▒
▒.▒▒......▒ ▒.....▒
▒........▒▒ ▒.....▒
▒▒▒▒▒▒▒▒▒▒ ▒▒▒▒▒▒▒


You could see Sigmund.


Message History

The sling bullet hits Sigmund!
Sigmund is almost dead.
Sigmund hits you from afar with a +0 scythe!
* * * LOW HITPOINT WARNING * * *
You shoot a sling bullet.
The sling bullet completely misses Sigmund.
Sigmund casts a spell at you. The magic dart hits you.
* * * LOW HITPOINT WARNING * * *
You shoot a sling bullet.
The sling bullet closely misses Sigmund.
Sigmund points at you and mumbles some strange words.
The puff of flame hits you.
* * * LOW HITPOINT WARNING * * *
Sigmund completely misses you.
You shoot a sling bullet.
The sling bullet closely misses Sigmund.
You shoot a sling bullet.
The sling bullet hits Sigmund but does no damage.
Sigmund is almost dead.
Sigmund hits you from afar with a +0 scythe!
* * * LOW HITPOINT WARNING * * *
You shoot a sling bullet. The sling bullet barely misses Sigmund.
Sigmund barely misses you.
You shoot a sling bullet. The sling bullet hits Sigmund.
Sigmund is almost dead.
Sigmund hits you from afar with a +0 scythe!
You die...

Action                   |  1- 3 |  4- 6 || total
-------------------------+-------+-------++-------
 Fire: Sling             |   103 |    57 ||   160
Armor: Robe              |     5 |     6 ||    11
Dodge: Dodged            |    19 |    16 ||    35

Levels and vault maps discovered:
D:1:      dpeg_arrival_more_subterranean_lakeside_camping, layout_basic
D:2:      layout_loops_ring, kennysheep_cluttered_room
D:3:      layout_rooms, nicolae_wu_jian_immortal_techniques,
          dancing_weapons_uskayaw, tso_oasis_becter, uniq_sigmund

Notes
Turn   | Place    | Note
-------+----------+-------------------------------------------
     0 | D:1      | sanka the Demigod Hexslinger began the quest for the Orb.
     0 | D:1      | Reached XP level 1. HP: 15/15 MP: 4/4
   107 | D:1      | Reached skill level 1 in Fighting
   107 | D:1      | Reached skill level 2 in Ranged Weapons
   171 | D:1      | Reached skill level 2 in Dodging
   215 | D:1      | Reached XP level 2. HP: 23/23 MP: 5/5
  1346 | D:2      | Noticed an ogre
  1354 | D:2      | Killed an ogre
  1355 | D:2      | Reached skill level 2 in Fighting
  1355 | D:2      | Reached skill level 3 in Ranged Weapons
  1355 | D:2      | Reached XP level 3. HP: 11/29 MP: 6/6
  1355 | D:2      | Reached XP level 4. HP: 14/36 MP: 8/8
  1917 | D:3      | Noticed a +0 dagger
  1917 | D:3      | Noticed a +0 dagger
  1962 | D:3      | Noticed Sigmund
  2042 | D:3      | HP: 3/36 [Sigmund/+0 scythe (10)]
  2044 | D:3      | Slain by Sigmund

Vanquished Creatures
  An ogre (D:2)
  2 adders
  A worm (D:2)
  4 ball pythons
  2 endoplasms
  3 giant cockroaches
  2 hobgoblins (D:2)
  4 kobolds
  A quokka (D:1)
  3 bats
  2 frilled lizards (D:2)
  5 goblins (D:1)
  8 rats
38 creatures vanquished.
